 Dungeon Crawl Stone Soup version 0.14.0-7-g2801ba0 (webtiles) character file.

512 Aelig the Cudgeler (level 6, 7/44 HPs)
             Began as a Demonspawn Gladiator on Apr 13, 2014.
             Was an Initiate of Ashenzari.
             Quit the game on Level 4 of the Dungeon.
             The game lasted 00:09:46 (3742 turns).

Aelig the Cudgeler (Demonspawn Gladiator)           Turns: 3742, Time: 00:09:47

HP   7/44        AC 10     Str 16      XL: 6   Next:  3%
MP   6/6         EV 10     Int  9      God: Ashenzari [......]
Gold 238         SH  7     Dex 15      Spells:  0 memorised,  5 levels left

rFire  . . .     SeeInvis .     v - +2 mace (protect)
rCold  . . .     Clarity  .     b - +0 leather armour
rNeg   . . .     Conserve .     u - +0 buckler
rPois  .         rCorr    .     (helmet restricted)
rElec  .         rRot     .     (no cloak)
SustAb . .       Spirit   .     (no gloves)
rMut   .         Warding  .     (no boots)
Saprov . . .     Stasis   .     (no amulet)
MR     .....                    (no ring)
                                (no ring)

@: lethally poisoned, drained, not resistant to hostile enchantments, unstealthy
A: antennae 1, yellow scales 1
a: Renounce Religion


You were on level 4 of the Dungeon.
You worshipped Ashenzari.
Ashenzari was noncommittal.
You were hungry.

You visited 1 branch of the dungeon, and saw 4 of its levels.

You collected 238 gold pieces.

Inventory:

Hand weapons
 a - a +0,+0 flail
 v - a +2,+2 mace of protection (weapon)
Missiles
 d - 3 throwing nets (quivered)
Armour
 b - a +0 leather armour (worn)
 c - a +0 helmet
 u - a +0 buckler (worn)
Comestibles
 f - 3 bread rations
 o - 12 sultanas
 p - a choko
 s - 2 chunks of hobgoblin flesh
 w - a meat ration
 x - a chunk of giant cockroach flesh
Scrolls
 g - 6 scrolls of teleportation {unknown}
 h - a scroll of immolation {unknown}
 i - 6 scrolls of remove curse
 k - a scroll of fear {unknown}
 n - 2 scrolls of blinking {unknown}
 q - a scroll of identify {unknown}
 r - a scroll of fog {unknown}
 t - a scroll of amnesia {unknown}
Potions
 e - a potion of curing
 j - 2 potions of confusion {unknown}
 l - a potion of heal wounds {unknown}
 m - a potion of might {unknown}


   Skills:
 - Level 2.0(1.3) Fighting
 + Level 6.2(5.5) Maces & Flails
 - Level 1.7(1.0) Throwing
 - Level 2.6(1.9) Dodging


You had 5 spell levels left.
You didn't know any spells.

Dungeon Overview and Level Annotations

Branches:
Dungeon (4/15)
 Temple: D:4-7

Altars:
Ashenzari
Cheibriados
Kikubaaqudgha
Okawaru
Yredelemnul


Innate Abilities, Weirdness & Mutations

You have a pair of small antennae on your head.
You are partially covered in yellow scales (AC +2).


Message History

* * * LOW HITPOINT WARNING * * *
You feel sick. The scorpion stings you.
* * * LOW HITPOINT WARNING * * *
You closely miss the scorpion.
The scorpion is almost dead.
* * * LOW HITPOINT WARNING * * *
You feel sick.
The scorpion stings you but does no damage.
You hit the scorpion.
You kill the scorpion!
Your Maces & Flails skill increases to level 6!
You have reached level 6!
Your experience leads to an increase in your attributes!
Increase (S)trength, (I)ntelligence, or (D)exterity?
You feel agile.
Your demonic ancestry asserts itself...
A pair of antennae grows on your head!
Your +0 helmet falls away!
* * * LOW HITPOINT WARNING * * *
You feel sick.
Are you sure you want to abandon this character and quit the game? (Confirm with "yes".)

#.# #.#
#######.###########
.....................
#######.###<....###
#...# #####.# #.###
#.# #@# #.# ##### #.#
#...#####.. ...
#......[..#
...####.........#
.............[....
....# #.........#
.....# #.O.#####.#
... #...# ###.#


There were no monsters in sight!

Vanquished Creatures
  A scorpion (D:4)
  A vampire bat (D:3)
  A giant frog skeleton (D:4)
  4 adders
  A giant mite (D:3)
  An inept feature mimic (D:2)
  3 worms
  2 giant geckos
  An ooze (D:2)
  A ball python (D:1)
  3 bat skeletons (D:3)
  2 bat zombies (D:3)
  4 giant cockroaches
  11 goblins
  8 hobgoblins
  6 jackals
  10 kobolds
  3 quokkas
  2 bats
  6 giant newts
  8 rats
79 creatures vanquished.

Notes
Turn   | Place    | Note
--------------------------------------------------------------
     0 | D:1      | Aelig, the Demonspawn Gladiator, began the quest for the Orb.
     0 | D:1      | Reached XP level 1. HP: 16/16 MP: 1/1
    98 | D:1      | Reached skill level 3 in Maces & Flails
   421 | D:1      | Gained mutation: You are partially covered in yellow scales (AC +2). [demonic ancestry]
   421 | D:1      | Reached XP level 2. HP: 19/22 MP: 2/2
   856 | D:2      | Reached XP level 3. HP: 12/27 MP: 3/3
  1219 | D:2      | Reached skill level 4 in Maces & Flails
  1353 | D:2      | Found a basalt altar of Yredelemnul.
  1974 | D:2      | Reached XP level 4. HP: 24/33 MP: 4/4
  2238 | D:2      | Found a snail-covered altar of Cheibriados.
  2608 | D:4      | Reached skill level 5 in Maces & Flails
  2625 | D:4      | Noticed an ogre
  3144 | D:3      | Found an iron altar of Okawaru.
  3185 | D:3      | Found a shattered altar of Ashenzari.
  3190 | D:3      | Became a worshipper of Ashenzari the Shackled
  3213 | D:3      | Reached XP level 5. HP: 38/38 MP: 5/5
  3281 | D:3      | Found an ancient bone altar of Kikubaaqudgha.
  3741 | D:4      | Reached skill level 6 in Maces & Flails
  3741 | D:4      | Gained mutation: You have a pair of small antennae on your head. [demonic ancestry]
  3741 | D:4      | Reached XP level 6. HP: 8/44 MP: 6/6
  3742 | D:4      | Quit the game

Action                   |  1- 3 |  4- 6 || total
-------------------------+-------+-------++-------
Melee: Flail             |   158 |    96 ||   254
       Mace              |       |    90 ||    90
  Use: Potion            |       |     2 ||     2
 Stab: Sleeping          |     1 |       ||     1
